Map: Mothership LE

Players

SCIInewby

  • Race: Protoss Protoss
  • League: Master
  • Spawn Location: 9:00

Nightrise - Winner!

  • Race: Protoss Protoss
  • League: Master
  • Spawn Location: 6:00

VOD

Have the link to the VOD?

Description

Time

  • Played on: Feb. 6, 2026, 11:56 a.m.
  • Length: 6:26
Show
View Real Time Build Order
Export as new Build Order

SCIInewby Protoss 

Build Orders:  

Get SALT Encoding   

  12  0:00  Probe  
  13  0:13  Probe  
  14  0:20  Pylon  
  14  0:25  Probe  
  15  0:38  Probe  
  15  0:41  Forge  
  16  0:50  Probe  
  17  1:02  Probe  
  18  1:08  Gateway  
  18  1:11  Pylon  
  18  1:15  Probe  
  19  1:26  Assimilator  
  19  1:27  Probe  
  19  1:28  Assimilator  
  19  1:55  Nexus  
  19  1:58  Probe  
  20  2:13  Probe  
  21  2:21  Zealot  
  23  2:25  Probe  
  24  2:37  Probe  
  25  2:47  Pylon  
  25  2:49  Probe  
  25  2:51  Pylon  
  26  3:01  Probe  
  26  3:05  Photon Cannon  
  27  3:07  Cybernetics Core  
  27  3:13  Cybernetics Core  
  27  3:18  Zealot  
  29  3:39  Photon Cannon  
  29  3:43  Photon Cannon  
  29  3:45  Zealot  
  29  3:46  Warp Gate  
  26  4:08  Pylon  
  26  4:09  Pylon  
  26  4:11  Photon Cannon  
  24  4:17  Photon Cannon  
  24  4:41  Gateway  
  24  4:43  Gateway  
  24  4:47  Gateway  
  24  4:59  Gateway  
  24  5:09  Photon Cannon  
  24  5:29  Gateway  
  24  5:41  Stalker  
  26  5:45  Zealot  
  26  5:46  Zealot  
  30  5:56  Zealot  
  25  6:19  Zealot  
  25  6:20  Zealot x3  
Show
View Real Time Build Order
Export as new Build Order

Nightrise Protoss - Winner!

Build Orders:  

Get SALT Encoding   

  1  0:00  Probe  
  13  0:09  Probe  
  14  0:18  Pylon  
  14  0:22  Probe  
  15  0:38  Forge  
  15  0:40  Probe  
  16  0:52  Probe  
  17  1:02  Pylon  
  17  1:08  Probe  
  18  1:13  Gateway  
  18  1:20  Probe  
  18  1:22  Photon Cannon  
  19  1:31  Assimilator  
  19  1:47  Photon Cannon  
  19  1:49  Pylon  
  19  2:02  Assimilator  
  19  2:05  Cybernetics Core  
  19  2:06  Probe  
  19  2:14  Probe  
  21  2:24  Probe  
  22  2:36  Nexus  
  22  2:39  Pylon  
  22  2:48  Pylon  
  22  3:06  Photon Cannon  
  22  3:17  Photon Cannon  
  22  3:31  Photon Cannon  
  22  3:35  Pylon  
  22  3:42  Shield Battery  
  22  3:46  Photon Cannon  
  22  3:50  Warp Gate  
  22  3:53  Pylon  
  22  4:05  Gateway  
  22  4:10  Probe  
  23  4:27  Photon Cannon  
  23  4:39  Photon Cannon  
  23  4:51  Probe  
  23  4:59  Probe  
  24  5:01  Gateway  
  24  5:03  Gateway  
  25  5:09  Probe  
  25  5:10  Gateway  
  26  5:15  Probe  
  27  5:21  Probe  
  28  5:31  Robotics Facility  
  28  5:33  Probe  
  29  5:37  Probe  
  30  5:45  Probe  
  30  5:46  Probe  
  32  5:50  Photon Cannon  
  32  5:54  Probe  
  32  5:58  Probe  
  34  6:05  Assimilator  
  34  6:07  Assimilator  
  34  6:11  Pylon  
  34  6:13  Pylon  
  34  6:15  Stalker  
  36  6:20  Stalker  
Tags
 
Matchup
PvP
Replay Pack
Multiplayer
Spawn Locations
Close Positions
Add a new tag
Caveats
  • Supply blocks, unpowered buildings, or Contaminate may cause inaccurate times.
  • Supply counts are checked every 10 seconds.